 Dungeon Crawl Stone Soup version 0.31-a0-187-gba352fbbf7 (webtiles) character file.

Game seed: 12697385689908407198

442 qw the Skirmisher (level 6, -3/35 HPs)
             Began as a Deep Elf Hunter on June 22, 2023.
             Slain by Dowan
             ... wielding a +0 dagger
              (6 damage)
             ... on level 3 of the Dungeon.
             The game lasted 00:01:00 (2483 turns).

qw the Skirmisher (Deep Elf Hunter)                 Turns: 2483, Time: 00:01:00

Health: -3/35      AC:  8    Str: 10    XL:     6   Next: 71%
Magic:  8/8        EV: 11    Int: 14    God:
Gold:   114        SH:  5    Dex: 18    Spells: 5/5 levels left

rFire   . . .        Y - +1 shortbow
rCold   . . .        (shield currently unavailable)
rNeg    . . .        d - +0 ring mail
rPois   .            e - +0 helmet
rElec   .            (no cloak)
rCorr   +            (no gloves)
SInv    .            m - +1 pair of boots
Will    .....        c - amulet of reflection
Stlth   +            g - ring of resist corrosion
HPRegen 0.25/turn    (no ring)
MPRegen 0.11/turn

%: reflection
@: no status effects
A: no striking features
a: no special abilities


You were on level 3 of the Dungeon.
You visited 1 branch of the dungeon, and saw 4 of its levels.

You collected 114 gold pieces.


   Skills:
 - Level 2.0 Fighting
 + Level 9.6 Ranged Weapons
 - Level 2.3 Armour
 - Level 2.4 Dodging
 - Level 1.2 Stealth


You had 5 spell levels left.
You didn't know any spells.
Your spell library was empty.

Inventory:

Hand Weapons
 Y - a +1 shortbow (weapon)
Armour
 d - a +0 ring mail (worn)
 e - a +0 helmet (worn)
 m - a +1 pair of boots (worn)
Jewellery
 c - an amulet of reflection (around neck)
 g - a ring of resist corrosion (left hand)
Scrolls
 f - a scroll of identify
Potions
 a - a potion of degeneration {unknown}
 h - a potion of attraction {unknown}
 j - a potion of heal wounds {unknown}
 l - a potion of enlightenment

Dungeon Overview and Level Annotations

Branches:
Dungeon (4/15)
 Temple: D:4-7

Altars:
Hepliaklqana

Annotations:
D:3 Dowan


Message History

You block Duvessa's attack. x2
You shoot an arrow. The arrow hits Duvessa.
Duvessa is severely wounded.
Duvessa hits you with a +0 short sword.
2474 ||| STAIRDANCE Duvessa hits you with a +0 short sword.
Duvessa hits you but does no damage. Dowan hits you but does no damage.
You climb upwards.
There is a stone staircase leading down here.
You shoot an arrow.
The arrow hits Duvessa but does no damage.
Duvessa is severely wounded.
Duvessa closely misses you. Dowan gestures at you while chanting.
The puff of frost hits you.
You shoot an arrow. The arrow hits Duvessa.
Duvessa is almost dead.
Duvessa hits you with a +0 short sword. Duvessa misses you.
Dowan completely misses you.
You shoot an arrow. The arrow closely misses Duvessa.
Duvessa hits you with a +0 short sword.
Dowan says, "Magic and the sword, together, will defeat you."
Dowan hits you with a +0 dagger.
You shoot an arrow. The arrow closely misses Duvessa.
Duvessa hits you with a +0 short sword. Duvessa hits you with a +0 short sword!
Dowan says, "Magic and the sword, together, will defeat you."
You block Dowan's attack.
You shoot an arrow. The arrow hits Duvessa!
You kill Duvessa!
Dowan seems overcome with grief.
Dowan seems to find hidden reserves of power!
Dowan misses you.
Your Armour skill gained 2 levels and is now at level 2!
You shoot an arrow. The arrow closely misses Dowan.
You block Dowan's attack. x2
You shoot an arrow. The arrow closely misses Dowan.
Dowan barely misses you.
You shoot an arrow. The arrow barely misses Dowan.
Dowan hits you with a +0 dagger.
You die...

## ##.#.#.### #..#######'# #
#........# #........... #
#..#.#.#.# #....###.##. #
#...)..#.# ##(#..##.... #
#.##.###.# #....#####. #
#.##..##.# ####.# #. #
#.###.##.######## ###.# #. #
#.###.......e...####.#.# #. #
#....#......@)......#..# #. #
#####..###########.#.#.# #. #
##.## ####....#.# #. #
#####>#.######.......#.# #. #
#.<..###.......##....#.# #. #
#.###.#.##########.#.#.# #.
#####.####.## #<....#####.
............##########.###.##....
#####.##...............##........


You could see Dowan (fast).

Vanquished Creatures
  Sigmund (D:2)
  Duvessa (D:3)
  Jessica (D:3)
  Ijyb (D:3)
  An orc wizard (D:3)
  3 adders
  3 dart slugs
  5 orcs (D:3)
  3 ball pythons
  6 bats
  7 endoplasms
  4 giant cockroaches
  7 goblins
  4 hobgoblins
  5 kobolds (D:1)
  2 quokkas (D:2)
  5 frilled lizards
  4 rats
63 creatures vanquished.

Notes
Turn   | Place    | Note
-------+----------+-------------------------------------------
     0 | D:1      | qw the Deep Elf Hunter began the quest for the Orb.
     0 | D:1      | Reached XP level 1. HP: 12/12 MP: 3/3
     0 | D:1      | 0 ||| qw: Version: 0.3-a-9-g12657ce
     0 | D:1      | 0 ||| qw: Game counter: 2192
     0 | D:1      | 0 ||| qw: Always use a shield: true
     0 | D:1      | 0 ||| qw: God list: Okawaru
     0 | D:1      | 0 ||| qw: Allow faded altars: false
     0 | D:1      | 0 ||| qw: Do Orc after D:15 true
     0 | D:1      | 0 ||| qw: Do second Lair branch before Depths: true
     0 | D:1      | 0 ||| qw: Lair rune preference: random
     0 | D:1      | 0 ||| qw: Plans: Normal
     0 | D:1      | 0 ||| PLANNING D:1-11
    43 | D:1      | 43 ||| FLEEEEING.
    44 | D:1      | 44 ||| FLEEEEING.
   138 | D:1      | Reached XP level 2. HP: 14/16 MP: 4/4
   233 | D:1      | Reached skill level 6 in Ranged Weapons
   762 | D:1      | 762 ||| UPGRADING to +0 helmet.
   767 | D:1      | 767 ||| READING scroll labelled COPOL HEMMEFF.
   768 | D:1      | 768 ||| DROPPING scroll of butterflies.
   774 | D:2      | 774 ||| STAIRDANCE
   781 | D:1      | Reached XP level 3. HP: 13/20 MP: 5/5
   821 | D:2      | Noticed Sigmund
   829 | D:2      | Killed Sigmund
   830 | D:2      | Reached skill level 9 in Ranged Weapons
   830 | D:2      | Reached XP level 4. HP: 8/25 MP: 6/6
   830 | D:2      | Reached XP level 5. HP: 9/29 MP: 7/7
   830 | D:2      | 830 ||| FLEEEEING.
   831 | D:2      | 831 ||| FLEEEEING.
   832 | D:2      | 832 ||| FLEEEEING.
   833 | D:2      | 833 ||| FLEEEEING.
   835 | D:2      | 835 ||| FLEEEEING.
   842 | D:2      | 842 ||| STAIRDANCE
   911 | D:1      | 911 ||| UPGRADING to +0 scale mail.
   921 | D:1      | 921 ||| DROPPING +0 leather armour.
  1345 | D:2      | 1345 ||| UPGRADING to +0 ring mail.
  1355 | D:2      | 1355 ||| DROPPING +0 scale mail.
  1356 | D:2      | 1356 ||| UPGRADING to amulet of reflection.
  1361 | D:2      | 1361 ||| UPGRADING to ring of resist corrosion.
  1362 | D:2      | 1362 ||| READING 2 scrolls labelled ENLESOOMUGG.
  1366 | D:2      | 1366 ||| READING 2 scrolls labelled VIEH FUEGE.
  1367 | D:2      | 1367 ||| READING scroll labelled MODDAR TIZASS.
  1415 | D:3      | Noticed Jessica
  1420 | D:3      | Killed Jessica
  1421 | D:3      | Reached XP level 6. HP: 34/35 MP: 8/8
  1562 | D:3      | Found a faded altar of an unknown god.
  1784 | D:3      | Noticed Ijyb
  1786 | D:3      | 1786 ||| FLEEEEING.
  1787 | D:3      | 1787 ||| FLEEEEING.
  1788 | D:3      | 1788 ||| FLEEEEING.
  1789 | D:3      | 1789 ||| FLEEEEING.
  1790 | D:3      | 1790 ||| FLEEEEING.
  1791 | D:3      | 1791 ||| FLEEEEING.
  1792 | D:3      | 1792 ||| FLEEEEING.
  1815 | D:3      | HP: 7/35 [Ijyb/+0 dagger (3)]
  1816 | D:3      | 1816 ||| READING scroll of teleportation.
  1945 | D:3      | Killed Ijyb
  2223 | D:3      | Found a hazy altar of Hepliaklqana.
  2299 | D:3      | 2299 ||| UPGRADING to +1 pair of boots.
  2304 | D:3      | 2304 ||| DROPPING ring of flight.
  2305 | D:3      | 2305 ||| READING scroll labelled ZISAOR ERIWO.
  2306 | D:3      | 2306 ||| READING scroll labelled XYFISI NOANNO.
  2307 | D:3      | 2307 ||| DRINKING 2 clear potions.
  2349 | D:4      | Noticed Duvessa
  2351 | D:4      | Noticed Dowan
  2359 | D:4      | 2359 ||| FLEEEEING.
  2360 | D:4      | 2360 ||| FLEEEEING.
  2361 | D:4      | 2361 ||| FLEEEEING.
  2362 | D:4      | 2362 ||| STAIRDANCE
  2416 | D:4      | 2416 ||| STAIRDANCE
  2474 | D:4      | 2474 ||| STAIRDANCE
  2479 | D:3      | HP: 2/35 [Duvessa/+0 short sword (9)]
  2480 | D:3      | Killed Duvessa
  2483 | D:3      | Slain by Dowan

Levels and vault maps discovered:
D:1:      evilmike_arrival_home_sweet_home, layout_basic,
          dreamdust_mushroom_princess, roderic_serpentine_path, feat_on_display
D:2:      layout_rooms, uniq_sigmund
D:3:      layout_loops_ring, nicolae_hepliaklqana_hippocampus,
          shapermc_ecumenical_altar_ellora, minivault_25, uniq_jessica,
          uniq_ijyb
D:4:      layout_cave_pods, yredelemnul_forgotten_temple_becter,
          nicolae_concentric_dashed_squares_mild, uniq_duvessa

Skill      XL: |  1  2  3  4  5  6 |
---------------+-------------------+-----
Ranged Weapons | 6 9 |  9.6
Fighting       | 2 |  2.0
Armour         | 2 |  2.3
Dodging        | |  2.4
Stealth        | |  1.2

Action                     |  1- 3 |  4- 6 || total
---------------------------+-------+-------++-------
   Fire: Shortbow          |    63 |   135 ||   198
    Use: Scroll            |     1 |     6 ||     7
         Potion            |       |     1 ||     1
 Armour: Leather armour    |     3 |       ||     3
         Scale mail        |       |     3 ||     3
         Ring mail         |       |    18 ||    18
  Dodge: Dodged            |     6 |    26 ||    32
  Block: Other             |       |    11 ||    11

Table legend:
 A = Non-vault XP
 B = Vault XP
 C = Vault XP percentage of total XP
 D = Non-vault monster count
 E = Vault monster count
 F = Vault count percentage of total count
                 A         B        C        D         E       F
            +---------+---------+-------+---------+---------+-------
      Total |     179 |     453 |  71.7 |      59 |       4 |   6.3
            +---------+---------+-------+---------+---------+-------
        D:1 |      42 |       0 |   0.0 |      23 |       0 |   0.0
        D:2 |      28 |     231 |  89.2 |      16 |       1 |   5.9
        D:3 |      96 |     222 |  69.8 |      19 |       3 |  13.6
        D:4 |      13 |       0 |   0.0 |       1 |       0 |   0.0
            +---------+---------+-------+---------+---------+-------
